 Dungeon Crawl Stone Soup version 0.19.0-24-gb05acd6 (webtiles) character file.

5275 arrogantfascist the Caller (level 10, -12/73 HPs)
             Began as a Mummy Wizard on Nov 20, 2016.
             Was a Believer of Kikubaaqudgha.
             Mangled by a manticore (17 damage)
             ... on level 10 of the Dungeon on Nov 21, 2016.
             The game lasted 01:08:15 (19497 turns).

arrogantfascist the Caller (Mummy Wizard)          Turns: 19497, Time: 01:08:17

Health: -12/73     AC: 13    Str: 10    XL:     10   Next: 36%
Magic:  11/18      EV: 12    Int: 25    God:    Kikubaaqudgha [**....]
Gold:   277        SH:  0    Dex:  7    Spells: 5 memorised, 9 levels left

rFire  . . .     SeeInvis .     K - +5 falchion (flame)
rCold  + . .     Gourm    .     D - +3 leather armour of Xogid {+Inv +Fly Int+4 Dex-4}
rNeg   + + +     Faith    .     (no shield)
rPois  ∞         Spirit   .     b - +0 hat
rElec  .         Reflect  .     u - +2 cloak
rCorr  .         Harm     .     r - +1 pair of gloves
MR     +....                    (no boots)
Stlth  +.........               i - amulet of rage
                                q - ring of protection from fire
                                t - +2 ring of protection

@: very slightly contaminated
A: no food or potions, fire vulnerability, cold resistance 1, negative energy
resistance 3, torment resistance, unbreathing
a: Receive Corpses, Renounce Religion, Evoke Invisibility, Evoke Flight


You were on level 10 of the Dungeon.
You worshipped Kikubaaqudgha.
Kikubaaqudgha was pleased with you.
You were not hungry.

You visited 2 branches of the dungeon, and saw 11 of its levels.

You collected 662 gold pieces.
You spent 385 gold pieces at shops.

Inventory:

Hand Weapons
 e - a +1 dagger of draining
 n - a +2 dagger of draining
 z - a +1 vampiric dagger
 K - a +5 falchion of flaming (weapon)
 N - a +2 flail of pain
Missiles
 y - 60 poisoned needles
Armour
 a - a +0 robe
 b - a +0 hat (worn)
 r - a +1 pair of gloves (worn)
 u - a +2 cloak (worn)
 D - the +3 leather armour of Xogid (worn) {+Inv +Fly Int+4 Dex-4}
   (You found it on level 5 of the Dungeon)

   It affects your intelligence (+4).
   It affects your dexterity (-4).
   It lets you turn invisible.
   It lets you fly.
 M - a +0 troll leather armour
Jewellery
 i - an amulet of rage (around neck)
 l - a +1 ring of protection
 q - a ring of protection from fire (right hand)
 t - a +2 ring of protection (left hand)
 C - an uncursed ring of protection from cold
 F - a +4 ring of intelligence {unknown}
Wands
 f - a wand of polymorph (18/24)
 o - a wand of random effects (13/48)
 s - a wand of flame (48/48)
 w - a wand of iceblast (9/15)
 x - a wand of disintegration (6/24)
 A - a wand of paralysis (8/24)
 B - a wand of disintegration (9/24)
 E - a wand of iceblast (5/15)
 I - a wand of teleportation (5/9)
 J - a wand of flame (37/48)
 O - a wand of digging (19/24)
 P - a wand of acid (5/15)
Scrolls
 d - a scroll of enchant armour
 g - 4 scrolls of remove curse
 h - 3 scrolls of teleportation
 j - 2 scrolls of enchant weapon
 k - 4 scrolls of magic mapping
 m - 3 scrolls of identify
 p - a scroll of immolation {unknown}
 v - 2 scrolls of amnesia
 H - a scroll of noise {unknown}
Books
 c - a book of Minor Magic

   Spells                             Type                      Level
   a - Magic Dart                     Conjuration                  1
   b - Blink                          Translocation                2
   c - Call Imp                       Summoning                    2
   d - Repel Missiles                 Charms/Air                   2
   e - Slow                           Hexes                        2
   f - Conjure Flame                  Conjuration/Fire             3
   g - Mephitic Cloud                 Conjuration/Poison/Air       3
 G - Kikubaaqudgha's Collected Works on Dark Arts
   (Kikubaaqudgha gifted it to you on level 8 of the Dungeon)

   Spells                             Type                      Level
   a - Animate Skeleton               Necromancy                   1
   b - Pain                           Necromancy                   1
   c - Corpse Rot                     Necromancy                   2
   d - Vampiric Draining              Necromancy                   3
   e - Control Undead                 Necromancy                   4
 L - a book of Frost

   Spells                             Type                      Level
   a - Freeze                         Ice                          1
   b - Throw Frost                    Conjuration/Ice              2
   c - Ozocubu's Armour               Charms/Ice                   3
   d - Throw Icicle                   Conjuration/Ice              4
   e - Summon Ice Beast               Ice/Summoning                4


   Skills:
 + Level 4.7 Fighting
 + Level 4.8 Dodging
 - Level 1.5 Stealth
 + Level 5.6 Spellcasting
 + Level 4.3 Conjurations
 * Level 6.5 Summonings
 * Level 3.5 Necromancy
   Level 0.7 Translocations
 + Level 1.0 Ice Magic
 + Level 4.1 Air Magic
 + Level 3.9 Poison Magic


You had 9 spell levels left.
You knew the following spells:

 Your Spells              Type           Power        Failure   Level  Hunger
a - Magic Dart            Conj           ####         1%          1    N/A
b - Call Imp              Summ           #####...     1%          2    N/A
c - Mephitic Cloud        Conj/Pois/Air  ####....     8%          3    N/A
d - Animate Skeleton      Necr           N/A          2%          1    N/A
e - Summon Ice Beast      Ice/Summ       ####....     24%         4    N/A

Dungeon Overview and Level Annotations

Branches:
Dungeon (10/15)            Temple (1/1) D:5
   Lair: D:8-11         Orc: D:9-12

Altars:
Ashenzari
Cheibriados
Dithmenos
Elyvilon
Fedhas
Gozag
Hepliaklqana
Kikubaaqudgha
Makhleb
Nemelex Xobeh
Okawaru
Qazlal
Ru
Sif Muna
Trog
Uskayaw
Vehumet
Xom
Yredelemnul
Zin
The Shining One

Shops:
D:4 :

Annotations:
D:5 Jane's ghost, novice FoFi
D:7 Pikel


Innate Abilities, Weirdness & Mutations

You do not eat or drink.
Your flesh is vulnerable to fire.
You are immune to poison.
Your flesh is cold resistant. (rC+)
You are immune to negative energy. (rN+++)
You are immune to unholy pain and torment.
You can survive without breathing.


Message History

You hit the manticore. You burn the manticore.
The manticore is severely wounded.
The manticore bites you!
* * * LOW HITPOINT WARNING * * *
The manticore closely misses you. The manticore claws you.
* * * LOW HITPOINT WARNING * * *
Casting: Mephitic Cloud
Confirm with . or Enter, or press ? or * to list all spells.
Aiming: Mephitic Cloud
Press: ? - help, Shift-Dir - straight line, f/p - manticore
Aim: a manticore (severely wounded)
The ball explodes into a vile cloud!
The stinking cloud engulfs the manticore.
The manticore is severely wounded.
The stinking cloud engulfs you!
You hear a shout!
You hear a howl!
The manticore is engulfed in noxious fumes.
The manticore bites you!
You die...
Kikubaaqudgha rasps: "You have failed me!
Welcome... oblivion!"

############
#........... .
#........... ..
#...<.......
...#####...........
.........#######...
.........# .
.......@§#
.>....§H§#
?..5..§### .......
....... .......
######. +.


You could see a manticore and a crimson imp.

Vanquished Creatures
  Grinder (D:6)
  A hornet (D:8)
  Eustachio (D:5)
  A hungry ghost (D:7)
  An eye of draining (D:8)
  2 ogres
  2 centaurs (D:8)
  A big kobold (D:8)
  4 bullfrogs
  A wyvern zombie (D:6)
  2 scorpions
  4 killer bees
  6 wights
  A howler monkey (D:6)
  4 bullfrog skeletons
  A hound (D:5)
  9 orc wizards
  An orc priest (D:6)
  A centaur skeleton (D:4)
  5 worker ants
  A hound skeleton (D:4)
  A hound zombie (D:4)
  A worker ant zombie (D:8)
  2 gnolls
  6 adders
  2 oozes
  2 adder zombies
  2 worms (D:2)
  4 dart slugs
  3 leopard geckos
  12 orcs
  A ball python (D:3)
  9 bats
  4 giant cockroaches
  5 goblins
  A hobgoblin (D:3)
  13 jackals
  5 quokkas
  A ball python skeleton (D:5)
  3 frilled lizards
  8 kobolds
  A leopard gecko skeleton (D:4)
  A quokka zombie (D:9)
  11 rats
148 creatures vanquished.

Vanquished Creatures (collateral kills)
  A hydra (D:8)
  The ghost of Snicker the Covert, a novice SpEn (D:7)
  A troll (D:8)
  Prince Ribbit (D:9)
  A two-headed ogre (D:8)
  2 dream sheep (D:8)
  A hippogriff (D:9)
  A wyvern (D:8)
  2 yaks (D:8)
  An ice beast (D:5)
  3 orc warriors
  A sky beast (D:6)
  An ogre (D:9)
  2 big kobolds (D:8)
  A gnoll sergeant (D:6)
  6 bullfrogs
  2 scorpions (D:9)
  4 wights
  A howler monkey (D:9)
  3 crimson imps
  A quasit (D:6)
  5 orc priests
  8 orc wizards
  2 iguanas
  A worker ant (D:9)
  A worker ant zombie (D:6)
  6 adders
  2 gnolls (D:6)
  A howler monkey skeleton (D:3)
  2 shadow imps
  An adder skeleton (D:6)
  2 worms (D:2)
  2 dart slugs
  18 orcs
  A ball python (D:2)
  2 bats (D:3)
  A giant cockroach (D:2)
  4 goblins
  9 hobgoblins
  11 jackals
  5 kobolds
  A jackal skeleton (D:7)
  3 rats
125 creatures vanquished.

Vanquished Creatures (others)
  4 plants (D:8)
4 creatures vanquished.

Grand Total: 277 creatures vanquished

Notes
Turn   | Place    | Note
-------+----------+-------------------------------------------
     0 | D:1      | arrogantfascist the Mummy Wizard began the quest for the Orb.
     0 | D:1      | Reached XP level 1. HP: 13/13 MP: 4/4
   145 | D:1      | Reached skill level 1 in Conjurations
   210 | D:1      | Reached XP level 2. HP: 4/20 MP: 6/6
   214 | D:1      | Learned a level 2 spell: Call Imp
   449 | D:1      | Reached skill level 1 in Summonings
   755 | D:1      | Reached skill level 1 in Fighting
   923 | D:1      | Reached XP level 3. HP: 15/26 MP: 7/7
   928 | D:1      | Learned a level 3 spell: Mephitic Cloud
  3150 | D:2      | Reached XP level 4. HP: 27/32 MP: 9/9
  5202 | D:3      | Reached skill level 2 in Summonings
  5202 | D:3      | Reached skill level 1 in Air Magic
  5275 | D:3      | Reached skill level 1 in Poison Magic
  5275 | D:3      | Reached XP level 5. HP: 31/37 MP: 10/10
  5360 | D:3      | Found a glowing golden altar of the Shining One.
  5487 | D:3      | Found a bloodstained altar of Trog.
  6021 | D:3      | Found a bloodstained altar of Trog.
  6053 | D:3      | Found a glowing golden altar of the Shining One.
  6177 | D:3      | Found a bloodstained altar of Trog.
  6220 | D:3      | Found a glowing golden altar of the Shining One.
  6451 | D:3      | Found a bloodstained altar of Trog.
  6474 | D:3      | Found a glowing golden altar of the Shining One.
  6635 | D:3      | Found a bloodstained altar of Trog.
  6765 | D:3      | Found a glowing golden altar of the Shining One.
  6956 | D:3      | Found a bloodstained altar of Trog.
  6988 | D:3      | Found a glowing golden altar of the Shining One.
  7146 | D:3      | Found a glowing golden altar of the Shining One.
  7227 | D:3      | Found a bloodstained altar of Trog.
  7420 | D:3      | Found a bloodstained altar of Trog.
  7552 | D:4      | Reached XP level 6. HP: 38/44 MP: 8/11
  7627 | D:4      | Found Qaijonu's Book Emporium.
  8078 | D:4      | Reached skill level 3 in Summonings
  8595 | D:4      | Found Qaijonu's Book Emporium.
  8995 | D:5      | Entered Level 5 of the Dungeon
  9098 | D:4      | Reached XP level 7. HP: 35/50 MP: 12/12
  9104 | D:5      | Noticed Jane's ghost (novice FoFi)
  9557 | D:4      | Found Qaijonu's Book Emporium.
  9976 | D:4      | Found Qaijonu's Book Emporium.
 10202 | D:5      | Noticed Eustachio
 10845 | D:6      | Noticed Grinder
 10903 | D:6      | Paralysed by Grinder for 7 turns
 10923 | D:6      | Killed Grinder
 11059 | D:6      | Reached XP level 8. HP: 55/57 MP: 14/14
 11328 | D:7      | Noticed Pikel
 11479 | D:8      | Reached skill level 4 in Summonings
 12183 | D:6      | Found a deep blue altar of Sif Muna.
 12218 | D:5      | Got an ancient leather armour
 12229 | D:5      | Identified the +3 leather armour of Xogid {+Inv +Fly Int+4 Dex-4} (You found it on level 5 of the Dungeon)
 12346 | D:5      | Found a staircase to the Ecumenical Temple.
 12355 | Temple   | Entered the Ecumenical Temple
 12360 | Temple   | Became a worshipper of Kikubaaqudgha
 14306 | D:7      | Reached skill level 5 in Summonings
 14306 | D:7      | Reached XP level 9. HP: 60/65 MP: 16/16
 14385 | D:7      | Found a glowing silver altar of Zin.
 14421 | D:7      | Found a radiant altar of Vehumet.
 14638 | D:7      | Noticed Snicker's ghost (novice SpEn)
 14829 | D:7      | Killed Snicker's ghost
 14829 | D:7      | Reached skill level 5 in Spellcasting
 15840 | D:8      | Reached skill level 1 in Necromancy
 16000 | D:8      | Reached * piety under Kikubaaqudgha
 16000 | D:8      | Identified Kikubaaqudgha's Collected Works on Dark Arts (Kikubaaqudgha gifted it to you on level 8 of the Dungeon)
 16000 | D:8      | Received a gift from Kikubaaqudgha
 16004 | D:8      | Learned a level 1 spell: Animate Skeleton
 16219 | D:8      | Noticed a two-headed hydra
 16241 | D:8      | Killed a two-headed hydra
 16999 | D:4      | Bought a book of Frost for 385 gold pieces
 17004 | D:4      | Learned a level 4 spell: Summon Ice Beast
 17048 | D:5      | Reached skill level 6 in Summonings
 17105 | D:5      | Killed Eustachio
 17182 | D:8      | Reached XP level 10. HP: 59/73 MP: 15/18
 17706 | D:9      | Noticed Prince Ribbit
 18222 | D:9      | Killed Prince Ribbit
 18222 | D:9      | Reached skill level 1 in Ice Magic
 18639 | D:9      | Found a sparkling altar of Nemelex Xobeh.
 18684 | D:9      | Found an opulent altar of Gozag.
 18721 | D:9      | Reached ** piety under Kikubaaqudgha
 19025 | D:9      | Found a shadowy altar of Dithmenos.
 19025 | D:9      | Found a faded altar of an unknown god.
 19045 | D:9      | Found a faded altar of an unknown god.
 19047 | D:9      | Found a faded altar of an unknown god.
 19049 | D:9      | Found a faded altar of an unknown god.
 19230 | D:10     | Entered Level 10 of the Dungeon
 19477 | D:10     | Noticed a manticore
 19497 | D:10     | Mangled by a manticore

Skill      XL: |  1  2  3  4  5  6  7  8  9 10 |
---------------+-------------------------------+-----
Conjurations   | 1 2 3 4 |  4.3
Summonings     | 1 2 3 5 6 |  6.5
Fighting       | 1 2 3 4 |  4.7
Dodging        | 2 3 4 |  4.8
Air Magic      | 1 2 3 4 |  4.1
Poison Magic   | 1 2 3 |  3.9
Spellcasting   | 4 5 |  5.6
Necromancy     | 2 3 |  3.5
Ice Magic      | 1 |  1.0
Stealth        | |  1.5
Translocations | |  0.7

Action                   |  1- 3 |  4- 6 |  7- 9 | 10-12 || total
-------------------------+-------+-------+-------+-------++-------
Melee: Unarmed           |     6 |       |       |       ||     6
       Dagger            |    71 |   219 |   769 |       ||  1059
       Falchion          |       |       |    38 |    96 ||   134
 Cast: Magic Dart        |    12 |       |     2 |       ||    14
       Call Imp          |    32 |    40 |   113 |     9 ||   194
       Mephitic Cloud    |       |       |    14 |     9 ||    23
       Animate Skeleton  |       |       |     9 |     5 ||    14
       Summon Ice Beast  |       |       |       |    22 ||    22
 Abil: Evoke Invisibilit |       |       |     2 |       ||     2
  Use: Scroll            |       |       |    10 |       ||    10
 Stab: Sleeping          |     1 |     4 |     1 |       ||     6
       Distracted        |       |     1 |     5 |       ||     6
       Confused          |       |       |     4 |     3 ||     7
Armor: Robe              |    15 |    46 |   136 |       ||   197
       Leather armour    |       |       |   199 |    63 ||   262
Dodge: Dodged            |    47 |   133 |   528 |   112 ||   820
       Rpst.: Falchion   |       |       |    13 |    27 ||    40
